 Dungeon Crawl Stone Soup version 0.18-a0-1782-gb76a692 (webtiles) character file.

984 Moloch the Basher (level 8, -9/83 HPs)
             Began as an Ogre Fighter on Apr 17, 2016.
             Killed from afar by Psyche (17 damage)
             ... with a puff of frost
             ... on level 7 of the Dungeon.
             The game lasted 00:53:08 (5524 turns).

Moloch the Basher (Ogre Fighter)                    Turns: 5524, Time: 00:53:10

Health: -9/83      AC:  5    Str: 29    XL:     8   Next: 17%
Magic:  8/8        EV:  6    Int:  7    God:
Gold:   55         SH: 15    Dex:  9    Spells: 0 memorised, 7 levels left

rFire  . . .     SeeInvis .     a - +0 flail
rCold  . . .     Gourm    .     b - +0 robe
rNeg   . . .     Faith    .     B - +0 large shield
rPois  .         Spirit   .     (helmet restricted)
rElec  .         Dismiss  .     C - +1 cloak
rCorr  .         Reflect  .     (gloves unavailable)
SustAt +         Harm     .     (boots unavailable)
MR     .....                    (no amulet)
Stlth  +.........               (no ring)
                                e - ring of sustain attributes

@: mighty, very slightly contaminated, hasted, drained, very quick, not
resistant to hostile enchantments, very unstealthy
A: unfitting armour, tough skin 1
a: no special abilities


You were on level 7 of the Dungeon.
You were very hungry.

You visited 2 branches of the dungeon, and saw 8 of its levels.

You collected 223 gold pieces.
You spent 168 gold pieces at shops.

Inventory:

Hand Weapons
 a - a +0 flail (weapon)
Missiles
 c - 19 sling bullets
 l - 18 poisoned needles
 m - 86 stones (quivered)
Armour
 b - a +0 robe (worn)
 B - a +0 large shield (worn)
 C - a +1 cloak (worn)
Jewellery
 e - a ring of sustain attributes (left hand)
Wands
 x - a wand of lightning (10/15)
Scrolls
 g - a scroll of enchant armour {unknown}
 h - 2 scrolls of enchant weapon {unknown}
 j - 2 scrolls of identify {unknown}
 o - 2 scrolls of noise {unknown}
 p - 2 scrolls of immolation {unknown}
 q - 2 scrolls of remove curse
 s - a scroll of magic mapping
 u - 2 scrolls of teleportation {unknown}
 y - 2 scrolls of recharging {unknown}
 z - a scroll of fear {unknown}
 A - a scroll of amnesia {unknown}
Potions
 k - 2 potions of curing
 n - a potion of cure mutation {unknown}
 t - a potion of ambrosia {unknown}
 w - a potion of haste {unknown}
Comestibles
 f - 3 bread rations
 i - 4 meat rations
 r - a slice of pizza
 v - 2 beef jerkies


   Skills:
 + Level 6.2(5.5) Fighting
 * Level 10.4(9.6) Maces & Flails
 - Level 2.1(1.5) Throwing
 - Level 2.6(2.0) Dodging
 * Level 3.3(2.7) Shields


You had 7 spell levels left.
You didn't know any spells.

Dungeon Overview and Level Annotations

Branches:
Dungeon (8/15)             Temple (1/1) D:4            Lair (0/8) D:8

Altars:
Ashenzari
Fedhas
Kikubaaqudgha
Makhleb
Qazlal
Sif Muna
Yredelemnul
The Shining One
Lugonu

Shops:
D:5 }

Annotations:
D:7 Psyche
D:8 Erica


Innate Abilities, Weirdness & Mutations

You are too large for most types of armour.
You have tough skin (AC +1).


Message History

You miss Psyche.
Psyche is heavily wounded.
You block Psyche's attack.
You barely miss Psyche.
Psyche is heavily wounded.
Psyche casts a spell at you. The magic dart hits you!
* * * LOW HITPOINT WARNING * * *
Psyche points at you and mumbles some strange words.
The puff of frost hits you!
* * * LOW HITPOINT WARNING * * *
You barely miss Psyche.
Psyche is heavily wounded.
You block Psyche's attack.
You sock Psyche!
Psyche is severely wounded.
Psyche barely misses you. Psyche gestures at you while chanting.
The puff of frost hits you!
You die...

### ).# #.# #.#
#.# #.# #@#
......@.......#
#######.#####.#
#.# ..# ###


You could see Psyche.

Vanquished Creatures
  Grinder (D:5)
  A centaur (D:5)
  2 scorpions
  A crimson imp (D:8)
  4 hounds
  A giant frog skeleton (D:4)
  Crazy Yiuf (D:4)
  Natasha (D:2)
  An iguana (D:4)
  6 worker ants
  A hound skeleton (D:5)
  A worker ant zombie (D:5)
  13 adders
  2 adder skeletons (D:4)
  2 dart slugs (D:1)
  2 giant geckos (D:1)
  2 orcs
  5 bats
  2 giant cockroaches
  2 hobgoblins
  6 jackals
  2 kobolds
  5 quokkas
  6 ball pythons
  3 giant newts
  5 goblins
  6 rats
84 creatures vanquished.

Vanquished Creatures (others)
  An adder (D:4)
  A quokka (D:4)
  A bush (D:8)
  3 plants (D:8)
6 creatures vanquished.

Grand Total: 90 creatures vanquished

Notes
Turn   | Place    | Note
--------------------------------------------------------------
     0 | D:1      | Moloch the Ogre Fighter began the quest for the Orb.
     0 | D:1      | Reached XP level 1. HP: 24/24 MP: 1/1
    29 | D:1      | Reached skill level 3 in Maces & Flails
    86 | D:1      | Reached XP level 2. HP: 29/32 MP: 2/2
   346 | D:1      | Reached skill level 4 in Maces & Flails
  1020 | D:2      | Noticed Natasha
  1033 | D:2      | Killed Natasha
  1033 | D:2      | Reached skill level 1 in Throwing
  1033 | D:2      | Reached XP level 3. HP: 17/39 MP: 3/3
  1219 | D:2      | Reached skill level 5 in Maces & Flails
  1263 | D:2      | Reached XP level 4. HP: 46/48 MP: 4/4
  2171 | D:3      | Reached skill level 6 in Maces & Flails
  2183 | D:3      | Reached XP level 5. HP: 46/54 MP: 5/5
  2762 | D:4      | Reached skill level 7 in Maces & Flails
  2798 | D:3      | Reached XP level 6. HP: 35/63 MP: 6/6
  3635 | D:4      | Reached skill level 5 in Fighting
  3635 | D:4      | Reached skill level 8 in Maces & Flails
  3924 | D:4      | Found a staircase to the Ecumenical Temple.
  3933 | Temple   | Entered the Ecumenical Temple
  3997 | D:4      | Reached XP level 7. HP: 72/72 MP: 7/7
  4555 | D:4      | Noticed Crazy Yiuf
  4633 | D:4      | Killed Crazy Yiuf
  4633 | D:4      | Reached skill level 9 in Maces & Flails
  4897 | D:5      | Entered Level 5 of the Dungeon
  4903 | D:5      | Noticed Grinder
  4976 | D:5      | Found Pomaarch's Gadget Boutique.
  4979 | D:5      | Bought a wand of lightning (10/15) for 168 gold pieces
  5313 | D:5      | Killed Grinder
  5313 | D:5      | Reached skill level 10 in Maces & Flails
  5313 | D:5      | Reached XP level 8. HP: 62/83 MP: 8/8
  5463 | D:5      | You fall through a shaft for 3 floors!
  5463 | D:8      | Noticed a yak
  5463 | D:8      | Noticed a yak
  5463 | D:8      | Noticed a yak
  5463 | D:8      | Noticed a yak
  5463 | D:8      | Noticed a yak
  5463 | D:8      | Noticed Erica
  5463 | D:8      | Noticed Psyche
  5465 | D:8      | Noticed a yak
  5465 | D:8      | Noticed a yak
  5465 | D:8      | Noticed a yak
  5475 | D:8      | Noticed a yak
  5475 | D:8      | Noticed a yak
  5476 | D:8      | Noticed a yak
  5524 | D:7      | Killed from afar by Psyche

Vault maps used:
D:1:      minmay_arrival_four_loops
D:2:      st_stairs_8, uniq_natasha
D:3:      minmay_snake_closets
D:4:      lemuel_temple_firewalk, uniq_crazy_yiuf_cottage
D:5:      first_bread, serial_shops, shop, kennysheep_generic_room_8,
          uniq_grinder
D:7:      minitemple, enter_bailey_2, uniq_duvessa
D:8:      minmay_lair_entry_grove, uniq_erica, uniq_psyche
Temple:   corrupted_temple

Skill      XL: |  1  2  3  4  5  6  7  8 |
---------------+-------------------------+-----
Maces & Flails | 3 4 5 6 7 8 10 | 10.4
Throwing       | 1 2 |  2.1
Fighting       | 5 6 |  6.2
Shields        | 3 |  3.3
Dodging        | |  2.6

Action                   |  1- 3 |  4- 6 |  7- 9 || total
-------------------------+-------+-------+-------++-------
Melee: Flail             |    64 |   196 |   111 ||   371
Throw: Stone             |     9 |     6 |     8 ||    23
  Use: Scroll            |       |       |     2 ||     2
       Potion            |       |       |     2 ||     2
  Eat: Chunk             |     1 |     9 |     4 ||    14
Armor: Robe              |    14 |    29 |    16 ||    59
Dodge: Dodged            |    21 |    55 |    27 ||   103
Block: Shield            |    36 |    83 |    15 ||   134
       Large shield      |       |       |    34 ||    34
